 Dungeon Crawl Stone Soup version 0.28-a0-445-g51f8dfeb47 (webtiles) character file.

Game seed: 5671946796880477536

10269 Dabor the Spear-Bearer (level 11, -3/86 HPs)
             Began as a Formicid Abyssal Knight on Sept 13, 2021.
             Was an Elder of Lugonu.
             Slain by a sixfirhy (10 damage)
             ... summoned by an orc high priest
             ... on level 1 of the Orcish Mines.
             The game lasted 01:03:13 (17161 turns).

Dabor the Spear-Bearer (Formicid Abyssal Knight)   Turns: 17161, Time: 01:03:14

Health: -3/86      AC: 19    Str: 27    XL:     11   Next: 89%
Magic:  1/5        EV: 13    Int: 11    God:    Lugonu [****..]
Gold:   1303       SH:  0    Dex: 10    Spells: 10/10 levels left

rFire   . . .      SeeInvis +   q - +1 bardiche (antimagic)
rCold   . . .      Faith    .   (no shield)
rNeg    . . .      Spirit   .   K - +2 steam dragon scales
rPois   .          Reflect  .   (helmet unavailable)
rElec   .          Harm     .   B - +0 cloak
rCorr   .          Rampage  .   L - +2 pair of gloves {Stlth+}
Will    +....                   y - +1 pair of boots
Stlth   ++........              (no amulet)
HPRegen 0.24/turn               f - +4 ring of protection
MPRegen 0.09/turn               D - +6 ring of strength

@: no status effects
A: permanent stasis, dig shafts and tunnels, antennae 3, four strong arms
a: Dig, Shaft Self, Renounce Religion, Depart the Abyss, Bend Space, Banish,
Corrupt


You were on level 1 of the Orcish Mines.
You worshipped Lugonu.
Lugonu was greatly pleased with you.
You visited 2 branches of the dungeon, and saw 12 of its levels.
You visited the Abyss 1 time.
You also visited: Bailey.

You collected 1303 gold pieces.

Inventory:

Hand Weapons
 e - a +1 trident of distortion
 k - the +1 flail "Paoskun" {freeze, rPois Will+}
   (You found it on level 9 of the Dungeon)

   It freezes those it strikes, dealing additional cold damage.
   It can also slow down cold-blooded creatures.
   rPois:     It protects you from poison.
   Will:      It increases your willpower.
 l - a +0 glaive
 q - a +1 antimagic bardiche (weapon)
 t - a +3 spectral hand axe
 J - a +2 trident of flaming
 O - a +3 trident
Missiles
 b - 6 curare-tipped darts
 c - 172 stones (quivered)
 z - 2 poisoned darts
Armour
 r - a +1 leather armour of poison resistance
 w - the +0 pair of gloves of the Monkey {rN+}
   (You found it on level 5 of the Dungeon)

   rN:        It protects you from negative energy.
 y - a +1 pair of boots (worn)
 B - a +0 cloak (worn)
 K - +2 steam dragon scales (worn)
 L - a +2 pair of gloves of stealth (worn)
Jewellery
 f - a +4 ring of protection (left hand)
 i - a +6 ring of dexterity
 D - a +6 ring of strength (right hand)
 H - a +4 ring of protection
Wands
 s - a wand of charming (6)
 x - a wand of polymorph (7)
 C - a wand of mindburst (8)
 E - a wand of paralysis (23)
 F - a wand of flame (16)
Scrolls
 a - 2 scrolls of fog
 A - 4 scrolls of teleportation
Potions
 d - 2 potions of resistance
 g - 2 potions of might
 h - a potion of magic
 j - a potion of invisibility
 m - 2 potions of lignification
 n - 2 potions of degeneration
 o - a potion of attraction
 p - a potion of brilliance
 v - a potion of mutation


   Skills:
 + Level 8.0 Fighting
 * Level 9.8 Polearms
 - Level 5.0 Throwing
 + Level 7.5 Armour
 - Level 5.0 Dodging
 + Level 7.9 Shields
 + Level 8.2 Invocations


You had 10 spell levels left.
You didn't know any spells.
Your spell library contained the following spells:

 Spells                   Type           Power      Damage    Failure   Level
 Animate Skeleton         Necr           0%         N/A       34%         1
 Pain                     Necr           0%         1d4       34%         1
 Vampiric Draining        Necr           0%         2d6       71%         3


Dungeon Overview and Level Annotations

Branches:
Dungeon (10/15)            Temple (0/1) D:7             Orc (2/2) D:9
    Elf (0/3) Orc:2        Bailey (visited)
   Lair: D:8-11

Altars:
Dithmenos
Beogh

Shops:
D:8 *

Annotations:
Abyss:1 Maurice


Innate Abilities, Weirdness & Mutations

You cannot be hasted, slowed, berserked, paralysed or teleported.
You can dig through walls and to a lower floor.
You have a pair of large antennae on your head. (SInv)
Your four strong arms can wield two-handed weapons with a shield.


Message History

Press: ? - help, v - describe, . - travel
Here: a warg The floor.
Press: ? - help, v - describe, . - travel
Here: a warg The floor.
You throw a stone.
The stone closely misses the orc high priest.
The warg misses you.
The orc high priest hits you but does no damage.
Space bends around you!
You blink.
Press: ? - help, Shift-Dir - straight line, f - warg, p - orc high priest
Aim: a warg (chance to affect: 73%)
The warg is devoured by a tear in reality.
Lugonu claims a new guest.
The ogre hits you but does no damage.
The orc high priest mumbles some strange prayers to Beogh.
The orc high priest mumbles some strange prayers to Beogh.
The red devil disappears in a puff of smoke!
The sixfirhy closely misses you.
The orc high priest mumbles some strange prayers to Beogh against you.
Beogh smites you! The sixfirhy hits you. The sixfirhy shocks you!
The sixfirhy hits you but does no damage.
The sixfirhy barely misses you. The sixfirhy hits you. The sixfirhy shocks you!
The orc high priest calls down the wrath of Beogh upon you.
Beogh smites you!
* * * LOW HITPOINT WARNING * * *
The ogre barely misses you. The sixfirhy hits you.
* * * LOW HITPOINT WARNING * * *
The sixfirhy shocks you!
* * * LOW HITPOINT WARNING * * *
The sixfirhy barely misses you.
There is a stone staircase leading down here.
The sixfirhy closely misses you. The sixfirhy barely misses you.
The sixfirhy hits you.
* * * LOW HITPOINT WARNING * * *
The sixfirhy shocks you!
You die...

#..............#
##.............##
##...........o...######
##......(..##.......##.##
#........#####..4.......#
##.#.....####......#...##
#...#.......##..O.######
##.............33##
#..............@##
##...............##
##..........#....#
##.........###.##
#.........# ###
##.###...## ### ##..#
###### ##.##


You could see an orc high priest, 2 sixfirhies, a chaos spawn (summoned) and an
ogre.

Vanquished Creatures
  2 two-headed ogres (D:9)
  An orc knight (Bailey)
  A cyclops (Orc:1)
  4 trolls
  A hornet (D:9)
  11 yaks
  A water moccasin (D:7)
  20 orc warriors
  3 centaurs
  2 ogres (Orc:1)
  A phantom (D:5)
  3 bullfrogs
  2 kobold brigands
  2 wyvern zombies (D:7)
  A scorpion (D:6)
  A water moccasin zombie (D:6)
  A water moccasin skeleton (D:5)
  4 killer bees (D:6)
  2 bullfrog zombies
  A gnoll shaman (D:9)
  2 hounds
  2 jellies
  12 orc priests
  A centaur skeleton (D:7)
  2 iguanas (D:4)
  12 orc wizards
  2 howler monkey zombies (D:9)
  6 adders
  3 gnolls (D:9)
  2 ufetubi
  An adder zombie (D:5)
  2 worms
  4 dart slugs
  60 orcs
  2 bats
  4 endoplasms
  3 giant cockroaches
  7 goblins
  4 hobgoblins
  6 jackals
  2 quokkas
  5 ball pythons
  2 frilled lizards
  15 kobolds
  4 rats
229 creatures vanquished.

Vanquished Creatures (collateral kills)
  An orc warrior (Bailey)
  An orc priest (D:8)
  An orc (D:8)
3 creatures vanquished.

Vanquished Creatures (others)
  An orc warrior (D:8)
1 creature vanquished.

Grand Total: 233 creatures vanquished

Notes
Turn   | Place    | Note
-------+----------+-------------------------------------------
     0 | Abyss:1  | Dabor the Formicid Abyssal Knight began the quest for the
                  | Orb.
     0 | Abyss:1  | Reached XP level 1. HP: 18/18 MP: 2/2
     0 | D:1      | Escaped the Abyss
   250 | D:1      | Reached * piety under Lugonu
   251 | D:1      | Reached skill level 1 in Dodging
   295 | D:1      | Reached XP level 2. HP: 24/24 MP: 3/3
   497 | D:1      | Found a faded altar of an unknown god.
  1061 | D:2      | Reached skill level 1 in Shields
  1061 | D:2      | Reached XP level 3. HP: 20/29 MP: 4/4
  1886 | D:2      | Reached skill level 1 in Throwing
  2208 | D:3      | Reached XP level 4. HP: 30/35 MP: 5/5
  2294 | D:3      | Found a shadowy altar of Dithmenos.
  3197 | D:4      | Noticed an ogre
  4066 | D:4      | Reached skill level 3 in Polearms
  4126 | D:4      | Reached XP level 5. HP: 17/41 MP: 5/7
  4738 | D:5      | Entered Level 5 of the Dungeon
  4752 | D:5      | Identified the +0 pair of gloves of the Monkey {rN+}
  4799 | D:5      | Noticed a kobold brigand
  4827 | D:4      | Reached XP level 6. HP: 19/48 MP: 8/8
  5280 | D:4      | Reached ** piety under Lugonu
  5462 | D:5      | Noticed an ogre
  5865 | D:5      | Reached XP level 7. HP: 40/54 MP: 9/9
  6284 | D:6      | Reached skill level 4 in Polearms
  6811 | D:6      | Reached XP level 8. HP: 37/61 MP: 11/11
  7048 | D:6      | HP: 3/61 [killer bee (3)]
  7056 | D:6      | HP: 3/61 [poisoned by a killer bee]
  7413 | D:7      | Reached skill level 5 in Polearms
  7866 | D:7      | Reached skill level 5 in Fighting
  8118 | D:7      | Reached XP level 9. HP: 64/68 MP: 12/12
  8159 | D:7      | Found a staircase to the Ecumenical Temple.
  8467 | D:7      | Reached skill level 6 in Polearms
  8467 | D:7      | Reached skill level 5 in Invocations
  8880 | D:8      | Reached skill level 5 in Armour
  9085 | D:8      | Found a flagged portal.
  9099 | Bailey   | Entered a bailey
  9154 | Bailey   | Reached skill level 5 in Shields
  9235 | Bailey   | Reached *** piety under Lugonu
  9658 | Bailey   | Noticed an orc knight
  9686 | Bailey   | Killed an orc knight
  9687 | Bailey   | Reached skill level 7 in Polearms
  9687 | Bailey   | Reached XP level 10. HP: 76/76 MP: 14/14
 10239 | D:8      | Found Coca's Demolitions Depot.
 10937 | D:9      | Noticed Maurice
 11013 | D:9      | Identified the +1 flail "Paoskun" {freeze, rPois Will+}
 11661 | D:8      | Reached skill level 5 in Throwing
 11804 | D:8      | Reached skill level 8 in Polearms
 12122 | D:9      | Noticed a two-headed ogre
 12139 | D:9      | Killed a two-headed ogre
 12140 | D:9      | Reached XP level 11. HP: 58/83 MP: 16/16
 12358 | D:9      | Banished Maurice
 12359 | D:9      | Reached skill level 5 in Dodging
 12586 | D:9      | Found a staircase to the Orcish Mines.
 13322 | Orc:1    | Entered Level 1 of the Orcish Mines
 13324 | Orc:1    | Reached skill level 9 in Polearms
 13340 | Orc:1    | Noticed a two-headed ogre
 13384 | D:10     | Entered Level 10 of the Dungeon
 13977 | D:9      | Killed a two-headed ogre
 14465 | Orc:1    | Found Focomm's Antique Weapon Shop.
 14614 | Orc:2    | Entered Level 2 of the Orcish Mines
 15942 | Orc:1    | Reached **** piety under Lugonu
 15986 | Orc:2    | Noticed an orc sorcerer
 15987 | Orc:2    | Banished an orc sorcerer
 16017 | Orc:2    | Found a staircase to the Elven Halls.
 16557 | Orc:1    | Noticed a cyclops
 16575 | Orc:1    | Killed a cyclops
 16754 | Orc:2    | Identified a scroll of acquirement
 16754 | Orc:2    | Acquired a +1 antimagic bardiche
 16839 | Orc:2    | Noticed an orc high priest
 17127 | Orc:2    | Noticed a sun demon
 17154 | Orc:1    | Noticed a sixfirhy
 17156 | Orc:1    | Noticed a sixfirhy
 17161 | Orc:1    | Slain by a sixfirhy

Illustrated notes

Levels and vault maps discovered:
D:1:      matt_arrival_debris, layout_loops_ring, ebering_ecumenical_altar_rust,
          serial_forest, infiniplex_forest_lined_2, infiniplex_forest_corner_2,
          infiniplex_forest_straight_2, infiniplex_forest_clump_small,
          infiniplex_forest_straight_4, infiniplex_forest_diagonal,
          infiniplex_forest_lined_1
D:2:      layout_loops_ring
D:3:      layout_basic, mainiacjoe_overflow_boulevard
D:4:      layout_loops_ring, patterned_corridor
D:5:      layout_cave_pools
D:6:      layout_cave_pods, serial_glass, glass_columns_a, glass_columns_a,
          feat_on_display, feat_on_display, amcnicky_mini_pool_small
D:7:      layout_basic, minmay_temple_entry_nine_rooms
D:8:      layout_basic, enter_bailey_5, chequers_serial_rivers_large_a,
          hangedman_decor_diamond_cutter, nicolae_blasting_shop
D:9:      layout_basic, david_orc_5, mrwooster_statue_mirror, uniq_maurice
D:10:     layout_basic, grunt_temple_overflow_cloverleaf, kennysheep_little_box
Orc:1:    layout_diamond_mine, serial_shops, nicolae_shop_trees, basic_altar
Orc:2:    st_orc_pillars, layout_caves

Skill      XL: |  1  2  3  4  5  6  7  8  9 10 11 |
---------------+----------------------------------+-----
Dodging        | 1 2 3 4 5 |  5.0
Shields        | 1 2 3 4 5 6 7 |  7.9
Throwing       | 1 2 3 4 5 |  5.0
Polearms       | 3 4 5 7 8 9 |  9.8
Armour         | 3 4 5 6 7 |  7.5
Invocations    | 3 4 5 6 8 |  8.2
Fighting       | 4 5 6 8 |  8.0

Action                   |  1- 3 |  4- 6 |  7- 9 | 10-12 || total
-------------------------+-------+-------+-------+-------++-------
Melee: Spear             |   108 |    79 |       |       ||   187
       Hand axe          |       |    92 |   235 |    35 ||   362
       Glaive            |       |       |     7 |     9 ||    16
       Trident           |       |       |       |   375 ||   375
       Bardiche          |       |       |       |    18 ||    18
Throw: Stone             |     9 |    33 |   228 |    29 ||   299
       Javelin           |       |     2 |       |    10 ||    12
       Dart              |       |       |     6 |    13 ||    19
Invok: Depart the Abyss  |     1 |       |       |       ||     1
       Bend Space        |       |       |     2 |     3 ||     5
       Banish            |       |       |       |     4 ||     4
 Abil: Dig               |       |       |     7 |     9 ||    16
Evoke: Wand              |       |       |    11 |     2 ||    13
  Use: Scroll            |       |       |     9 |     8 ||    17
       Potion            |       |       |     8 |     2 ||    10
 Stab: Distracted        |       |       |     1 |       ||     1
       Sleeping          |       |       |       |     2 ||     2
Armor: Leather armour    |    12 |       |       |       ||    12
       Chain mail        |     8 |   110 |       |       ||   118
       Plate armour      |       |       |   296 |     5 ||   301
       Steam dragon scal |       |       |       |   137 ||   137
Dodge: Dodged            |    52 |    62 |   145 |   231 ||   490

Table legend: (Time is in decaauts)
 A = Elapsed time spent in this place.
 B = Non-inter-level travel time spent in this place.
 C = Inter-level travel time spent in this place.
 D = Time resting spent in this place.
 E = Time spent auto-exploring this place.
 F = Levels seen in this place.
 G = Mean time per level.
                   A        B        C        D        E       F      G
               +--------+--------+--------+--------+--------+-----+--------+
         Total |  17201 |  16974 |    227 |   6352 |   5745 |  14 | 1228.6 |
       Dungeon |  12961 |  12734 |    227 |   4473 |   4916 |  10 | 1296.1 |
  Orcish Mines |   3146 |   3146 |      0 |   1706 |    529 |   2 | 1573.0 |
         Abyss |      0 |      0 |      0 |      0 |      0 |   1 |    0.0 |
        Bailey |   1094 |   1094 |      0 |    173 |    300 |   1 | 1094.0 |
               +--------+--------+--------+--------+--------+-----+--------+

Top non-repeatable levels by time:
   Orc:1: 2376 daAuts
     D:8: 1979 daAuts
     D:9: 1875 daAuts
     D:4: 1532 daAuts
     D:7: 1414 daAuts
     D:3: 1337 daAuts
     D:2: 1308 daAuts
     D:1: 1192 daAuts
     D:5: 1173 daAuts
  Bailey: 1094 daAuts
     D:6: 890 daAuts
   Orc:2: 769 daAuts
    D:10: 255 daAuts
